Connexion

SEATTLE Kraken vs NEW YORK Islanders

Created - 19 septembre 2023 at 07:27

Goals
1 2 3 T
SEATTLE Kraken 1 0 0 1
NEW YORK Islanders 3 0 4 7
Shots
1 2 3 T
SEATTLE Kraken 5 7 10 22
NEW YORK Islanders 11 6 16 33

GoalsPenalties
1st period
1. NEW YORK Islanders , Patrik Laine 3 (Adam Pelech 5, Vincent Hinostroza 13) at 1:18
2. NEW YORK Islanders , Ryan McDonagh 6 (Nicklas Backstrom 9, Vincent Hinostroza 14) at 5:20
3. NEW YORK Islanders , Kyle Palmieri 10 (Ryan McDonagh 11) at 8:44
4. SEATTLE Kraken , T.J. Oshie 3 (Wyatt Johnston 2, Alec Martinez 3) at 10:42
Nikolai Knyzhov (NYI) for Fighting (Major) at 1:37
Jani Hakanpaa (SEA) for Fighting (Major) at 1:37
Kyle Palmieri (NYI) for Slashing (Minor) at 18:52
2nd period
No Goal
Nikolai Knyzhov (NYI) for Hooking (Minor) at 3:46
Moritz Seider (SEA) for Tripping (Minor) at 12:53
3rd period
5. NEW YORK Islanders , Vincent Hinostroza 3 (Patrik Laine 3, Calle Rosen 2) at 1:19
6. NEW YORK Islanders , Adam Pelech 1 (Sven Baertschi 7, Nicklas Backstrom 10) at 7:32 (PP)
7. NEW YORK Islanders , Brendan Leipsic 3 (Brendan Lemieux 3) at 16:29
8. NEW YORK Islanders , Kyle Palmieri 11 (Ryan McDonagh 12) at 17:51 (PP)
Jacob Markstrom (SEA) for Slashing (Minor) at 6:09 - Moritz Seider served the penalty.
David Pastrnak (SEA) for Roughing (Minor) at 16:43
Goalie Stats
Jacob Markstrom (SEA), 12 saves from 15 shots - (0,800), 18:41 minutes
Spencer Knight (SEA), 14 saves from 18 shots - (0,778), L, 4-4-1, 41:19 minutes
Linus Ullmark (NYI), 21 saves from 22 shots - (0,955), W, 8-8-0, 60:00 minutes
3 StarsOfficial
1 - Vincent Hinostroza (NYI)
2 - Ryan McDonagh (NYI)
3 - Adam Pelech (NYI)
Referees : Brian Pochmara and Mike Hasenfratz
Linesman : Mark Pare and Mark Shewchyk
Game Note
Jani Hakanpaa beats up Nikolai Knyzhov at 1:37 of 1st period
Jacob Markstrom enters game at 1:19 of 3rd period
Finance
Level 1 -- Attendance: 5766 (96,10%) -- Ticket Income 732 282 $
Level 2 -- Attendance: 3234 (100,00%) -- Ticket Income 355 740 $
Level 3 -- Attendance: 2000 (100,00%) -- Ticket Income 100 000 $
Level 4 -- Attendance: 2662 (66,55%) -- Ticket Income 130 438 $
Luxury Box -- Attendance: 961 (96,10%) -- Ticket Income 245 055 $
Game was played at the Nassau Veterans' Memorial Coliseum.
Total Attendance: 14623 (90,08%)
Total Ticket Income: 1 563 515 $
Other Income: 312 703 $
Total Income: 1 876 218 $



Team Name Goals Shots Shots Attemp Shots Blocked PIM HIT PP PK FO%
SEATTLE Kraken 12258911210 / 2 (0%)250%
NEW YORK Islanders 73363119172 / 3 (67%)050%

SEATTLE Kraken
Player Name POS G A P +/- PIM HIT SHT SB MP PP MP PP SHT PK MP PK SHT FO% FOT
Alec MartinezD0110000113:540:1600:0000% 0
Alex IafalloC/LW000-100007:220:0000:42067% 6
Alex OvechkinLW000-3031017:301:3500:2600% 0
Andrei KuzmenkoLW0001002012:471:3500:0000% 1
Auston MatthewsC000-1024020:342:2300:00050% 20
Brandon TanevLW/RW000-100007:220:0000:4200% 0
David PastrnakRW000-1201120:332:2300:0000% 0
Jaccob SlavinD000-2001123:381:0812:5200% 0
Jani HakanpaaD0000551012:480:0001:0800% 0
Jason RobertsonLW/RW000-1013020:342:2300:00025% 4
Matt DumbaD000-2052325:362:5012:5200% 0
Michael PezzettaC/LW000-100006:400:0000:0000% 0
Moritz SeiderD000-2201219:370:5200:3000% 0
Rasmus DahlinD000-2022024:252:5011:3800% 0
Seth JarvisC/LW/RW000-3021118:510:0003:221100% 1
T.J. OshieC/LW/RW1011012014:340:0003:22038% 8
Trevor ZegrasC000-3000017:301:3500:26050% 20
Wyatt JohnstonC0111001011:120:0000:00056% 16
NEW YORK Islanders
Player Name POS G A P +/- PIM HIT SHT SB MP PP MP PP SHT PK MP PK SHT FO% FOT
Adam PelechD1123012221:102:0321:5800% 0
Alexander RadulovRW000100005:450:0000:0000% 0
Anthony DuclairLW/RW0000001121:292:2000:00050% 4
Brendan LeipsicC/LW101100106:290:0000:4400% 3
Brendan LemieuxLW011102005:570:0000:1200% 0
Calle RosenD0113000120:442:0301:5200% 0
Ilya MikheyevRW0000022011:120:0000:060100% 1
Jeff SkinnerC/LW0000014123:552:2002:26057% 28
Josh BaileyC/LW/RW0000001013:280:0002:22033% 12
Kevin ShattenkirkD0001020125:572:2701:5400% 0
Kyle PalmieriRW2020217021:282:2010:00050% 2
Nicklas BackstromC0223031018:482:1011:06059% 22
Nikolai KnyzhovD0000710212:450:0000:0000% 0
Patrik LaineLW/RW1123012015:320:0000:0000% 1
Ryan McDonagh D1231033225:022:2711:5400% 0
Sven BaertschiLW0110003013:162:1010:0000% 0
Travis DermottD0000000114:140:0000:1200% 0
Vincent HinostrozaC/RW1233006018:482:1011:06033% 3



Play-by-Play

1st period


0:01 of 1st period - Jeff Skinner wins face-off versus Auston Matthews in neutral zone.
1:04 of 1st period - Icing by Moritz Seider.
1:05 of 1st period - Nicklas Backstrom wins face-off versus Trevor Zegras in SEATTLE Kraken zone.
1:12 of 1st period - Shot by Patrik Laine.
1:12 of 1st period - Shot Misses the Net.
1:14 of 1st period - Shot by Adam Pelech.
1:14 of 1st period - Shot Blocked by Moritz Seider.
1:16 of 1st period - Shot by Adam Pelech.
1:16 of 1st period - Shot Misses the Net.
1:18 of 1st period - Shot by Patrik Laine.
1:18 of 1st period - Goal by Patrik Laine - SEATTLE Kraken : 0 - NEW YORK Islanders : 1.
1:19 of 1st period - Josh Bailey wins face-off versus T.J. Oshie in neutral zone.
1:37 of 1st period - Jani Hakanpaa beats up Nikolai Knyzhov.
1:37 of 1st period - Penalty to Nikolai Knyzhov for Fighting.
1:37 of 1st period - Penalty to Jani Hakanpaa for Fighting.
1:38 of 1st period - Trevor Zegras wins face-off versus Nicklas Backstrom in NEW YORK Islanders zone.
3:03 of 1st period - Shot by Moritz Seider.
3:03 of 1st period - Shot Misses the Net.
3:05 of 1st period - Shot by T.J. Oshie.
3:05 of 1st period - Deflect By Wyatt Johnston.
3:05 of 1st period - Shot Misses the Net.
3:07 of 1st period - Shot by Andrei Kuzmenko.
3:07 of 1st period - Deflect By Wyatt Johnston.
3:07 of 1st period - Shot Misses the Net.
3:09 of 1st period - Shot by T.J. Oshie.
3:09 of 1st period - Shot Misses the Net.
3:11 of 1st period - Shot by Andrei Kuzmenko.
3:11 of 1st period - Stopped by Linus Ullmark without a rebound.
3:12 of 1st period - Auston Matthews wins face-off versus Josh Bailey in NEW YORK Islanders zone.
3:43 of 1st period - Shot by Ilya Mikheyev.
3:43 of 1st period - Stopped by Spencer Knight without a rebound.
3:44 of 1st period - Wyatt Johnston wins face-off versus Jeff Skinner in SEATTLE Kraken zone.
3:44 of 1st period - Wyatt Johnston is hit by Jeff Skinner.
3:47 of 1st period - Icing by Alec Martinez.
3:48 of 1st period - Wyatt Johnston wins face-off versus Jeff Skinner in SEATTLE Kraken zone.
5:08 of 1st period - Vincent Hinostroza is hit by Matt Dumba.
5:18 of 1st period - Shot by Vincent Hinostroza.
5:18 of 1st period - Deflect By Nicklas Backstrom.
5:18 of 1st period - Shot Blocked by David Pastrnak.
5:20 of 1st period - Shot by Ryan McDonagh .
5:20 of 1st period - Goal by Ryan McDonagh - SEATTLE Kraken : 0 - NEW YORK Islanders : 2.
5:21 of 1st period - Alex Iafallo wins face-off versus Josh Bailey in neutral zone.
5:41 of 1st period - Shot by Ilya Mikheyev.
5:41 of 1st period - Shot Blocked by Jaccob Slavin.
5:43 of 1st period - Shot by Ilya Mikheyev.
5:43 of 1st period - Stopped by Spencer Knight without a rebound.
5:44 of 1st period - Auston Matthews wins face-off versus Brendan Leipsic in SEATTLE Kraken zone.
5:59 of 1st period - Shot by Jason Robertson.
5:59 of 1st period - Stopped by Linus Ullmark without a rebound.
6:00 of 1st period - Trevor Zegras wins face-off versus Anthony Duclair in NEW YORK Islanders zone.
6:27 of 1st period - Shot by Trevor Zegras.
6:27 of 1st period - Shot Misses the Net.
6:35 of 1st period - Shot by Kyle Palmieri.
6:35 of 1st period - Shot Misses the Net.
6:37 of 1st period - Shot by Jeff Skinner.
6:37 of 1st period - Stopped by Spencer Knight with a rebound.
6:39 of 1st period - Shot by Jeff Skinner.
6:39 of 1st period - Stopped by Spencer Knight with a rebound.
6:55 of 1st period - Ryan McDonagh is hit by Seth Jarvis and loses puck.
7:40 of 1st period - Icing by Matt Dumba.
7:41 of 1st period - Vincent Hinostroza wins face-off versus Auston Matthews in SEATTLE Kraken zone.
8:04 of 1st period - Shot by Jason Robertson.
8:04 of 1st period - Shot Misses the Net.
8:06 of 1st period - Shot by Auston Matthews.
8:06 of 1st period - Deflect By Jason Robertson.
8:06 of 1st period - Shot Misses the Net.
8:24 of 1st period - T.J. Oshie is hit by Patrik Laine and loses puck.
8:28 of 1st period - Jani Hakanpaa is hit by Nicklas Backstrom and loses puck.
8:36 of 1st period - Shot by T.J. Oshie.
8:36 of 1st period - Stopped by Linus Ullmark without a rebound.
8:37 of 1st period - Alex Iafallo wins face-off versus Anthony Duclair in NEW YORK Islanders zone.
8:44 of 1st period - Shot by Kyle Palmieri.
8:44 of 1st period - Goal by Kyle Palmieri - SEATTLE Kraken : 0 - NEW YORK Islanders : 3.
8:45 of 1st period - Anthony Duclair wins face-off versus Trevor Zegras in neutral zone.
9:09 of 1st period - Icing by Rasmus Dahlin.
9:10 of 1st period - Trevor Zegras wins face-off versus Brendan Leipsic in SEATTLE Kraken zone.
9:10 of 1st period - Trevor Zegras is hit by Brendan Lemieux.
9:16 of 1st period - Seth Jarvis is hit by Brendan Lemieux and loses puck.
9:46 of 1st period - Shot by Brendan Lemieux.
9:46 of 1st period - Shot Misses the Net.
10:23 of 1st period - Off-side.
10:24 of 1st period - Wyatt Johnston wins face-off versus Jeff Skinner in neutral zone.
10:40 of 1st period - Shot by Wyatt Johnston.
10:40 of 1st period - Shot Misses the Net.
10:42 of 1st period - Shot by T.J. Oshie.
10:42 of 1st period - Goal by T.J. Oshie - SEATTLE Kraken : 1 - NEW YORK Islanders : 3.
10:43 of 1st period - Auston Matthews wins face-off versus Nicklas Backstrom in neutral zone.
11:40 of 1st period - Shot by Kyle Palmieri.
11:40 of 1st period - Stopped by Spencer Knight without a rebound.
11:41 of 1st period - Wyatt Johnston wins face-off versus Josh Bailey in SEATTLE Kraken zone.
12:00 of 1st period - Ilya Mikheyev is hit by Jani Hakanpaa and loses puck.
12:03 of 1st period - Shot by Ilya Mikheyev.
12:03 of 1st period - Deflect By Sven Baertschi.
12:03 of 1st period - Stopped by Spencer Knight without a rebound.
12:04 of 1st period - Alex Iafallo wins face-off versus Jeff Skinner in SEATTLE Kraken zone.
12:49 of 1st period - Icing by Alex Iafallo.
12:50 of 1st period - Josh Bailey wins face-off versus Alex Iafallo in SEATTLE Kraken zone.
13:25 of 1st period - Moritz Seider is hit by Ryan McDonagh and loses puck.
13:49 of 1st period - Off-side.
13:50 of 1st period - Jeff Skinner wins face-off versus Trevor Zegras in neutral zone.
14:21 of 1st period - Kyle Palmieri is hit by Jani Hakanpaa and loses puck.
14:25 of 1st period - Icing by Kyle Palmieri.
14:26 of 1st period - Jeff Skinner wins face-off versus Auston Matthews in NEW YORK Islanders zone.
14:40 of 1st period - Icing by Matt Dumba.
14:41 of 1st period - Auston Matthews wins face-off versus Nicklas Backstrom in SEATTLE Kraken zone.
15:06 of 1st period - Ryan McDonagh is hit by Jason Robertson and loses puck.
16:04 of 1st period - Icing by Rasmus Dahlin.
16:05 of 1st period - Ilya Mikheyev wins face-off versus Wyatt Johnston in SEATTLE Kraken zone.
16:26 of 1st period - Shot by Sven Baertschi.
16:26 of 1st period - Stopped by Spencer Knight without a rebound.
16:27 of 1st period - Jeff Skinner wins face-off versus Trevor Zegras in SEATTLE Kraken zone.
16:38 of 1st period - Alec Martinez is hit by Kyle Palmieri and loses puck.
16:58 of 1st period - Icing by Calle Rosen.
16:59 of 1st period - Jeff Skinner wins face-off versus Jason Robertson in NEW YORK Islanders zone.
17:10 of 1st period - Shot by Jeff Skinner.
17:10 of 1st period - Shot Blocked by Matt Dumba.
17:14 of 1st period - Shot by Kyle Palmieri.
17:14 of 1st period - Stopped by Spencer Knight without a rebound.
17:15 of 1st period - Nicklas Backstrom wins face-off versus Wyatt Johnston in SEATTLE Kraken zone.
17:33 of 1st period - Icing by Rasmus Dahlin.
17:34 of 1st period - Wyatt Johnston wins face-off versus Josh Bailey in SEATTLE Kraken zone.
17:43 of 1st period - Shot by Rasmus Dahlin.
17:43 of 1st period - Shot Misses the Net.
18:36 of 1st period - Shot by Jason Robertson.
18:36 of 1st period - Stopped by Linus Ullmark without a rebound.
18:37 of 1st period - Kyle Palmieri wins face-off versus Trevor Zegras in NEW YORK Islanders zone.
18:37 of 1st period - Anthony Duclair is hit by Alex Ovechkin and loses puck.
18:48 of 1st period - Kyle Palmieri is hit by Jani Hakanpaa and loses puck.
18:52 of 1st period - Minor Penalty to Kyle Palmieri for Slashing.
18:53 of 1st period - Auston Matthews wins face-off versus Jeff Skinner in NEW YORK Islanders zone.
18:58 of 1st period - Shot by Jason Robertson.
18:58 of 1st period - Shot Misses the Net.
19:04 of 1st period - Shot by Auston Matthews.
19:04 of 1st period - Shot Blocked by Adam Pelech.
19:15 of 1st period - Jason Robertson is hit by Adam Pelech and loses puck.
Goals for this period are 1 for SEATTLE Kraken vs 3 for NEW YORK Islanders.
Shots for this period are 5 for SEATTLE Kraken vs 11 for NEW YORK Islanders.

2nd period


0:01 of 2nd period - Jeff Skinner wins face-off versus Jason Robertson in neutral zone.
0:24 of 2nd period - Shot by David Pastrnak.
0:24 of 2nd period - Shot Blocked by Jeff Skinner.
1:02 of 2nd period - Shot by Seth Jarvis.
1:02 of 2nd period - Shot Blocked by Nikolai Knyzhov.
1:30 of 2nd period - Shot by Alex Ovechkin.
1:30 of 2nd period - Stopped by Linus Ullmark without a rebound.
1:31 of 2nd period - Wyatt Johnston wins face-off versus Nicklas Backstrom in NEW YORK Islanders zone.
3:00 of 2nd period - Anthony Duclair is hit by Rasmus Dahlin and loses puck.
3:46 of 2nd period - Minor Penalty to Nikolai Knyzhov for Hooking.
3:47 of 2nd period - Trevor Zegras wins face-off versus Jeff Skinner in NEW YORK Islanders zone.
5:16 of 2nd period - Shot by Jaccob Slavin.
5:16 of 2nd period - Stopped by Linus Ullmark without a rebound.
5:17 of 2nd period - Trevor Zegras wins face-off versus Jeff Skinner in NEW YORK Islanders zone.
5:18 of 2nd period - Shot by Rasmus Dahlin.
5:18 of 2nd period - Stopped by Linus Ullmark with a rebound.
5:44 of 2nd period - Shot by Matt Dumba.
5:44 of 2nd period - Stopped by Linus Ullmark without a rebound.
5:45 of 2nd period - Jeff Skinner wins face-off versus Auston Matthews in NEW YORK Islanders zone.
5:45 of 2nd period - Jeff Skinner is hit by Auston Matthews.
6:27 of 2nd period - Shot by Alex Iafallo.
6:27 of 2nd period - Shot Blocked by Travis Dermott.
6:56 of 2nd period - Shot by Auston Matthews.
6:56 of 2nd period - Shot Misses the Net.
7:31 of 2nd period - Icing by Jason Robertson.
7:32 of 2nd period - Auston Matthews wins face-off versus Vincent Hinostroza in SEATTLE Kraken zone.
7:32 of 2nd period - Auston Matthews is hit by Nicklas Backstrom.
8:44 of 2nd period - Shot by Anthony Duclair.
8:44 of 2nd period - Shot Misses the Net.
9:09 of 2nd period - Shot by Andrei Kuzmenko.
9:09 of 2nd period - Stopped by Linus Ullmark with a rebound.
9:11 of 2nd period - Shot by Andrei Kuzmenko.
9:11 of 2nd period - Deflect By T.J. Oshie.
9:11 of 2nd period - Shot Misses the Net.
10:30 of 2nd period - Shot by Jason Robertson.
10:30 of 2nd period - Shot Blocked by Adam Pelech.
10:46 of 2nd period - Shot by Auston Matthews.
10:46 of 2nd period - Shot Blocked by Calle Rosen.
11:08 of 2nd period - Seth Jarvis is hit by Ilya Mikheyev and loses puck.
11:30 of 2nd period - Icing by Alec Martinez.
11:31 of 2nd period - Trevor Zegras wins face-off versus Nicklas Backstrom in SEATTLE Kraken zone.
11:31 of 2nd period - Alec Martinez is hit by Nicklas Backstrom.
11:41 of 2nd period - Shot by Seth Jarvis.
11:41 of 2nd period - Shot Misses the Net.
12:04 of 2nd period - Icing by Travis Dermott.
12:05 of 2nd period - Nicklas Backstrom wins face-off versus Auston Matthews in NEW YORK Islanders zone.
12:18 of 2nd period - Shot by Patrik Laine.
12:18 of 2nd period - Stopped by Spencer Knight without a rebound.
12:19 of 2nd period - Wyatt Johnston wins face-off versus Brendan Leipsic in SEATTLE Kraken zone.
12:53 of 2nd period - Minor Penalty to Moritz Seider for Tripping.
12:54 of 2nd period - Jeff Skinner wins face-off versus T.J. Oshie in SEATTLE Kraken zone.
12:54 of 2nd period - Jeff Skinner is hit by Matt Dumba.
14:07 of 2nd period - Icing by Kevin Shattenkirk.
14:08 of 2nd period - Nicklas Backstrom wins face-off versus Trevor Zegras in NEW YORK Islanders zone.
14:08 of 2nd period - Nicklas Backstrom is hit by Seth Jarvis.
14:25 of 2nd period - Nicklas Backstrom is hit by Rasmus Dahlin and loses puck.
14:44 of 2nd period - Kyle Palmieri is hit by Matt Dumba and loses puck.
15:17 of 2nd period - Shot by Jason Robertson.
15:17 of 2nd period - Shot Misses the Net.
15:26 of 2nd period - Jason Robertson is hit by Nikolai Knyzhov and loses puck.
16:16 of 2nd period - Shot by Brandon Tanev.
16:16 of 2nd period - Shot Misses the Net.
17:00 of 2nd period - Shot by Wyatt Johnston.
17:00 of 2nd period - Stopped by Linus Ullmark with a rebound.
17:02 of 2nd period - Shot by Matt Dumba.
17:02 of 2nd period - Stopped by Linus Ullmark without a rebound.
17:03 of 2nd period - Auston Matthews wins face-off versus Josh Bailey in NEW YORK Islanders zone.
18:11 of 2nd period - Shot by Patrik Laine.
18:11 of 2nd period - Shot Misses the Net.
18:13 of 2nd period - Shot by Vincent Hinostroza.
18:13 of 2nd period - Stopped by Spencer Knight without a rebound.
18:14 of 2nd period - Jeff Skinner wins face-off versus Wyatt Johnston in SEATTLE Kraken zone.
18:15 of 2nd period - Shot by Kyle Palmieri.
18:15 of 2nd period - Stopped by Spencer Knight without a rebound.
18:16 of 2nd period - Jeff Skinner wins face-off versus Andrei Kuzmenko in SEATTLE Kraken zone.
18:27 of 2nd period - Shot by Calle Rosen.
18:27 of 2nd period - Deflect By Jeff Skinner.
18:27 of 2nd period - Stopped by Spencer Knight without a rebound.
18:28 of 2nd period - Nicklas Backstrom wins face-off versus Trevor Zegras in SEATTLE Kraken zone.
18:35 of 2nd period - Shot by Patrik Laine.
18:35 of 2nd period - Shot Blocked by Alec Martinez.
18:41 of 2nd period - Shot by Vincent Hinostroza.
18:41 of 2nd period - Stopped by Spencer Knight without a rebound.
18:42 of 2nd period - Jeff Skinner wins face-off versus Auston Matthews in SEATTLE Kraken zone.
19:12 of 2nd period - Icing by Adam Pelech.
19:13 of 2nd period - Jeff Skinner wins face-off versus Trevor Zegras in NEW YORK Islanders zone.
19:19 of 2nd period - Shot by Kyle Palmieri.
19:19 of 2nd period - Stopped by Spencer Knight without a rebound.
19:20 of 2nd period - Trevor Zegras wins face-off versus Nicklas Backstrom in SEATTLE Kraken zone.
19:29 of 2nd period - Nicklas Backstrom is hit by Alex Ovechkin.
19:47 of 2nd period - Vincent Hinostroza is hit by Alex Ovechkin and loses puck.
Goals for this period are 0 for SEATTLE Kraken vs 0 for NEW YORK Islanders.
Shots for this period are 7 for SEATTLE Kraken vs 6 for NEW YORK Islanders.

3rd period


0:01 of 3rd period - Jeff Skinner wins face-off versus Auston Matthews in neutral zone.
0:15 of 3rd period - Ryan McDonagh is hit by Auston Matthews and loses puck.
0:22 of 3rd period - Shot by David Pastrnak.
0:22 of 3rd period - Shot Blocked by Anthony Duclair.
0:24 of 3rd period - Shot by Jason Robertson.
0:24 of 3rd period - Shot Blocked by Kevin Shattenkirk.
0:26 of 3rd period - Shot by Auston Matthews.
0:26 of 3rd period - Shot Misses the Net.
0:28 of 3rd period - Shot by Auston Matthews.
0:28 of 3rd period - Shot Hit the Post.
0:34 of 3rd period - Shot by Jason Robertson.
0:34 of 3rd period - Deflect By Auston Matthews.
0:34 of 3rd period - Stopped by Linus Ullmark with a rebound.
0:36 of 3rd period - Shot by David Pastrnak.
0:36 of 3rd period - Shot Blocked by Ryan McDonagh .
0:42 of 3rd period - Shot by Auston Matthews.
0:42 of 3rd period - Shot Hit the Post.
0:44 of 3rd period - Shot by Auston Matthews.
0:44 of 3rd period - Shot Misses the Net.
1:19 of 3rd period - Shot by Vincent Hinostroza.
1:19 of 3rd period - Goal by Vincent Hinostroza - SEATTLE Kraken : 1 - NEW YORK Islanders : 4.
1:19 of 3rd period - Jacob Markstrom enters game.
1:20 of 3rd period - Wyatt Johnston wins face-off versus Josh Bailey in neutral zone.
1:41 of 3rd period - Shot by Jani Hakanpaa.
1:41 of 3rd period - Stopped by Linus Ullmark without a rebound.
1:42 of 3rd period - Trevor Zegras wins face-off versus Vincent Hinostroza in NEW YORK Islanders zone.
2:55 of 3rd period - Shot by Ryan McDonagh .
2:55 of 3rd period - Shot Misses the Net.
3:13 of 3rd period - Shot by Kyle Palmieri.
3:13 of 3rd period - Stopped by Jacob Markstrom without a rebound.
3:14 of 3rd period - Josh Bailey wins face-off versus Wyatt Johnston in SEATTLE Kraken zone.
3:16 of 3rd period - Sven Baertschi is hit by Jani Hakanpaa and loses puck.
3:41 of 3rd period - Shot by Andrei Kuzmenko.
3:41 of 3rd period - Shot Blocked by Nikolai Knyzhov.
4:17 of 3rd period - Shot by Jason Robertson.
4:17 of 3rd period - Stopped by Linus Ullmark without a rebound.
4:18 of 3rd period - Auston Matthews wins face-off versus Jeff Skinner in NEW YORK Islanders zone.
4:46 of 3rd period - Jason Robertson is hit by Ryan McDonagh and loses puck.
4:52 of 3rd period - Auston Matthews is hit by Kevin Shattenkirk.
4:55 of 3rd period - Icing by Kyle Palmieri.
4:56 of 3rd period - Trevor Zegras wins face-off versus Jeff Skinner in NEW YORK Islanders zone.
4:56 of 3rd period - Seth Jarvis is hit by Kevin Shattenkirk and loses puck.
5:14 of 3rd period - Trevor Zegras is hit by Ryan McDonagh and loses puck.
5:28 of 3rd period - Off-side.
5:29 of 3rd period - Wyatt Johnston wins face-off versus Nicklas Backstrom in neutral zone.
5:31 of 3rd period - Off-side.
5:32 of 3rd period - Nicklas Backstrom wins face-off versus Auston Matthews in neutral zone.
5:49 of 3rd period - Icing by Calle Rosen.
5:50 of 3rd period - Nicklas Backstrom wins face-off versus Trevor Zegras in NEW YORK Islanders zone.
6:09 of 3rd period - Shot by Vincent Hinostroza.
6:09 of 3rd period - Stopped by Jacob Markstrom without a rebound.
6:09 of 3rd period - Minor Penalty to Jacob Markstrom for Slashing.
6:10 of 3rd period - T.J. Oshie wins face-off versus Jeff Skinner in SEATTLE Kraken zone.
6:46 of 3rd period - Shot by Ryan McDonagh .
6:46 of 3rd period - Stopped by Jacob Markstrom without a rebound.
6:47 of 3rd period - Nicklas Backstrom wins face-off versus T.J. Oshie in SEATTLE Kraken zone.
6:47 of 3rd period - Vincent Hinostroza is hit by Matt Dumba and loses puck.
6:50 of 3rd period - Shot by Vincent Hinostroza.
6:50 of 3rd period - Stopped by Jacob Markstrom with a rebound.
6:58 of 3rd period - Shot by Adam Pelech.
6:58 of 3rd period - Shot Misses the Net.
7:00 of 3rd period - Shot by Calle Rosen.
7:00 of 3rd period - Shot Blocked by Matt Dumba.
7:02 of 3rd period - Shot by Adam Pelech.
7:02 of 3rd period - Shot Misses the Net.
7:04 of 3rd period - Shot by Sven Baertschi.
7:04 of 3rd period - Shot Blocked by Matt Dumba.
7:06 of 3rd period - Shot by Vincent Hinostroza.
7:06 of 3rd period - Shot Misses the Net.
7:08 of 3rd period - Shot by Sven Baertschi.
7:08 of 3rd period - Shot Misses the Net.
7:10 of 3rd period - Shot by Adam Pelech.
7:10 of 3rd period - Stopped by Jacob Markstrom with a rebound.
7:19 of 3rd period - Vincent Hinostroza is hit by Matt Dumba and loses puck.
7:30 of 3rd period - Shot by Adam Pelech.
7:30 of 3rd period - Shot Misses the Net.
7:32 of 3rd period - Shot by Adam Pelech.
7:32 of 3rd period - Goal by Adam Pelech - SEATTLE Kraken : 1 - NEW YORK Islanders : 5.
7:33 of 3rd period - Auston Matthews wins face-off versus Kyle Palmieri in neutral zone.
7:38 of 3rd period - Shot by Auston Matthews.
7:38 of 3rd period - Shot Misses the Net.
7:40 of 3rd period - Shot by Moritz Seider.
7:40 of 3rd period - Stopped by Linus Ullmark without a rebound.
7:41 of 3rd period - Jeff Skinner wins face-off versus Auston Matthews in NEW YORK Islanders zone.
8:44 of 3rd period - Icing by Patrik Laine.
8:45 of 3rd period - Alex Iafallo wins face-off versus Nicklas Backstrom in NEW YORK Islanders zone.
9:20 of 3rd period - Shot by Vincent Hinostroza.
9:20 of 3rd period - Stopped by Jacob Markstrom with a rebound.
10:11 of 3rd period - Icing by Matt Dumba.
10:12 of 3rd period - Jeff Skinner wins face-off versus Alex Iafallo in SEATTLE Kraken zone.
10:19 of 3rd period - Shot by Jeff Skinner.
10:19 of 3rd period - Shot Misses the Net.
10:39 of 3rd period - Shot by Anthony Duclair.
10:39 of 3rd period - Shot Misses the Net.
10:41 of 3rd period - Shot by Ryan McDonagh .
10:41 of 3rd period - Stopped by Jacob Markstrom with a rebound.
11:07 of 3rd period - Shot by Jason Robertson.
11:07 of 3rd period - Deflect By Auston Matthews.
11:07 of 3rd period - Stopped by Linus Ullmark with a rebound.
11:09 of 3rd period - Shot by Rasmus Dahlin.
11:09 of 3rd period - Stopped by Linus Ullmark without a rebound.
11:10 of 3rd period - Trevor Zegras wins face-off versus Patrik Laine in NEW YORK Islanders zone.
11:31 of 3rd period - Shot by Patrik Laine.
11:31 of 3rd period - Shot Blocked by Seth Jarvis.
11:45 of 3rd period - Shot by Trevor Zegras.
11:45 of 3rd period - Shot Misses the Net.
11:47 of 3rd period - Shot by Jani Hakanpaa.
11:47 of 3rd period - Shot Misses the Net.
12:08 of 3rd period - Off-side.
12:09 of 3rd period - Jason Robertson wins face-off versus Josh Bailey in neutral zone.
12:09 of 3rd period - David Pastrnak is hit by Ilya Mikheyev and loses puck.
12:25 of 3rd period - Shot by Sven Baertschi.
12:25 of 3rd period - Shot Misses the Net.
12:43 of 3rd period - Shot by Josh Bailey.
12:43 of 3rd period - Stopped by Jacob Markstrom without a rebound.
12:44 of 3rd period - Anthony Duclair wins face-off versus Wyatt Johnston in SEATTLE Kraken zone.
13:05 of 3rd period - Shot by Jeff Skinner.
13:05 of 3rd period - Stopped by Jacob Markstrom with a rebound.
13:07 of 3rd period - Shot by Jeff Skinner.
13:07 of 3rd period - Shot Misses the Net.
13:15 of 3rd period - Shot by Anthony Duclair.
13:15 of 3rd period - Stopped by Jacob Markstrom with a rebound.
13:49 of 3rd period - Shot by Alex Ovechkin.
13:49 of 3rd period - Shot Misses the Net.
13:51 of 3rd period - Shot by Matt Dumba.
13:51 of 3rd period - Shot Blocked by Ryan McDonagh .
14:13 of 3rd period - Shot by Trevor Zegras.
14:13 of 3rd period - Shot Misses the Net.
15:04 of 3rd period - Icing by Adam Pelech.
15:05 of 3rd period - Nicklas Backstrom wins face-off versus Wyatt Johnston in NEW YORK Islanders zone.
15:05 of 3rd period - Nicklas Backstrom is hit by T.J. Oshie.
15:32 of 3rd period - Off-side.
15:33 of 3rd period - Seth Jarvis wins face-off versus Josh Bailey in neutral zone.
16:29 of 3rd period - Shot by Brendan Leipsic.
16:29 of 3rd period - Goal by Brendan Leipsic - SEATTLE Kraken : 1 - NEW YORK Islanders : 6.
16:30 of 3rd period - Nicklas Backstrom wins face-off versus Auston Matthews in neutral zone.
16:43 of 3rd period - Minor Penalty to David Pastrnak for Roughing.
16:44 of 3rd period - Nicklas Backstrom wins face-off versus T.J. Oshie in SEATTLE Kraken zone.
16:45 of 3rd period - Shot by Ryan McDonagh .
16:45 of 3rd period - Shot Blocked by Moritz Seider.
16:47 of 3rd period - Shot by Kevin Shattenkirk.
16:47 of 3rd period - Shot Misses the Net.
16:49 of 3rd period - Shot by Vincent Hinostroza.
16:49 of 3rd period - Shot Misses the Net.
16:51 of 3rd period - Shot by Ryan McDonagh .
16:51 of 3rd period - Shot Misses the Net.
16:53 of 3rd period - Shot by Ryan McDonagh .
16:53 of 3rd period - Shot Misses the Net.
16:55 of 3rd period - Shot by Sven Baertschi.
16:55 of 3rd period - Stopped by Jacob Markstrom without a rebound.
16:56 of 3rd period - T.J. Oshie wins face-off versus Jeff Skinner in SEATTLE Kraken zone.
17:11 of 3rd period - Shot by Seth Jarvis.
17:11 of 3rd period - Stopped by Linus Ullmark without a rebound.
17:12 of 3rd period - Nicklas Backstrom wins face-off versus T.J. Oshie in NEW YORK Islanders zone.
17:25 of 3rd period - Shot by Nicklas Backstrom.
17:25 of 3rd period - Stopped by Jacob Markstrom without a rebound.
17:26 of 3rd period - T.J. Oshie wins face-off versus Jeff Skinner in SEATTLE Kraken zone.
17:51 of 3rd period - Shot by Kyle Palmieri.
17:51 of 3rd period - Goal by Kyle Palmieri - SEATTLE Kraken : 1 - NEW YORK Islanders : 7.
17:52 of 3rd period - Auston Matthews wins face-off versus Nicklas Backstrom in neutral zone.
17:55 of 3rd period - Shot by Auston Matthews.
17:55 of 3rd period - Stopped by Linus Ullmark without a rebound.
17:56 of 3rd period - Nicklas Backstrom wins face-off versus Jason Robertson in NEW YORK Islanders zone.
18:12 of 3rd period - Shot by Auston Matthews.
18:12 of 3rd period - Stopped by Linus Ullmark without a rebound.
18:13 of 3rd period - Jeff Skinner wins face-off versus Trevor Zegras in NEW YORK Islanders zone.
19:20 of 3rd period - Shot by Auston Matthews.
19:20 of 3rd period - Shot Misses the Net.
19:22 of 3rd period - Shot by David Pastrnak.
19:22 of 3rd period - Stopped by Linus Ullmark without a rebound.
19:23 of 3rd period - Josh Bailey wins face-off versus Wyatt Johnston in NEW YORK Islanders zone.
19:43 of 3rd period - Ilya Mikheyev is hit by Jani Hakanpaa.
19:47 of 3rd period - Shot by Josh Bailey.
19:47 of 3rd period - Deflect By Ilya Mikheyev.
19:47 of 3rd period - Shot Misses the Net.
Goals for this period are 0 for SEATTLE Kraken vs 4 for NEW YORK Islanders.
Shots for this period are 10 for SEATTLE Kraken vs 16 for NEW YORK Islanders.